Map: Ascension to Aiur LE

Players

Lambo - Winner!

  • Race: Zerg Zerg
  • League: Master
  • Spawn Location: 5:00

Majestuoso (MajeStic)

  • Race: Protoss Protoss
  • Spawn Location: 11:00

Event: WESG Barcelona European Finals 2017

VOD

Have the link to the VOD?

Description

Time

  • Played on: Nov. 24, 2017, 9:22 a.m.
  • Length: 9:41

All games in this series

Show
View Real Time Build Order
Export as new Build Order

Lambo Zerg - Winner!

Build Orders: Hatch First 

Get SALT Encoding   

  12  0:00  Drone  
  13  0:12  Overlord  
  13  0:18  Drone  
  14  0:31  Drone x2  
  14  0:35  Drone  
  17  0:51  Hatchery  
  17  0:54  Drone  
  17  0:57  Drone  
  18  1:08  Extractor  
  17  1:12  Spawning Pool  
  17  1:15  Drone  
  17  1:18  Drone  
  18  1:29  Drone  
  19  1:38  Overlord  
  19  1:49  Drone  
  20  1:59  Queen  
  20  2:00  Zergling x2  
  23  2:02  Queen  
  23  2:03  Zergling x2  
  23  2:08  Metabolic Boost  
  26  2:10  Drone  
  26  2:14  Drone  
  28  2:21  Drone  
  29  2:25  Drone  
  30  2:33  Drone  
  31  2:39  Hatchery  
  31  2:42  Drone  
  31  2:47  Pneumatized Carapace  
  31  2:52  Overlord  
  31  2:54  Drone  
  31  2:57  Drone  
  33  3:02  Drone  
  34  3:06  Drone x2  
  34  3:11  Drone x2  
  34  3:12  Drone  
  39  3:17  Queen  
  41  3:21  Drone  
  41  3:23  Overlord  
  42  3:28  Drone x2  
  44  3:35  Overlord  
  44  3:43  Drone x3  
  44  3:47  Drone x3  
  44  3:48  Lair  
  50  3:52  Drone x2  
  50  3:55  Queen  
  54  3:58  Drone  
  54  4:02  Overlord  
  55  4:04  Drone  
  55  4:06  Drone  
  55  4:09  Queen  
  59  4:12  Drone  
  59  4:14  Drone x4  
  64  4:19  Spore Crawler  
  64  4:21  Spore Crawler  
  64  4:23  Zergling x2, Spore Crawler  
  62  4:27  Zergling x6  
  62  4:29  Extractor  
  64  4:31  Zergling x6  
  64  4:35  Queen  
  64  4:38  Zergling x4  
  71  4:43  Zergling x4  
  71  4:44  Drone  
  74  4:48  Hydralisk Den  
  74  4:49  Drone  
  74  4:50  Overseer  
  74  4:54  Overlord  
  74  4:58  Overlord  
  74  5:00  Overlord  
  74  5:04  Overlord x2  
  74  5:06  Overlord  
  74  5:11  Zergling x8  
  73  5:15  Drone x6  
  73  5:18  Drone  
  73  5:20  Drone  
  78  5:23  Drone  
  79  5:29  Drone  
  79  5:33  Drone x4  
  84  5:37  Extractor  
  84  5:38  Muscular Augments, Drone  
  84  5:39  Evolution Chamber  
  84  5:42  Drone  
  84  5:47  Drone x3  
  84  5:48  Drone  
  84  5:49  Hatchery  
  87  5:51  Drone x2  
  87  5:54  Extractor x2  
  87  5:55  Extractor  
  86  6:00  Drone x6  
  92  6:04  Drone x2, Baneling Nest  
  92  6:07  Drone  
  92  6:08  Drone  
  95  6:12  Hydralisk  
  95  6:17  Hydralisk  
  99  6:22  Hydralisk x4  
  107  6:29  Hydralisk x2, Overlord  
  107  6:30  Hydralisk  
  112  6:33  Hydralisk  
  114  6:42  Hydralisk x3  
  114  6:43  Zergling x2  
  114  6:46  Overlord  
  121  6:48  Drone x3  
  121  6:54  Overlord  
  124  6:55  Centrifical Hooks, Drone x2  
  126  7:01  Zerg Missile Weapons Level 1  
  126  7:04  Hydralisk x2  
  130  7:09  Overseer  
  130  7:10  Hydralisk  
  130  7:14  Overlord  
  130  7:15  Overlord  
  131  7:18  Hydralisk x3  
  131  7:20  Overlord x2  
  137  7:24  Hydralisk  
  137  7:25  Hydralisk  
  141  7:30  Drone x3  
  141  7:33  Hydralisk x2  
  148  7:37  Drone  
  148  7:38  Drone x3  
  148  7:43  Overseer  
  152  7:44  Evolution Chamber, Overlord  
  152  7:48  Hydralisk x2  
  152  7:49  Zergling x4, Hatchery  
  156  7:59  Hydralisk x2  
  156  8:00  Zergling x12  
  162  8:06  Drone  
  162  8:12  Zergling x22  
  174  8:18  Infestation Pit  
  173  8:21  Drone x3  
  173  8:23  Extractor  
  173  8:24  Spire  
  174  8:41  Hydralisk  
  174  8:42  Zergling x16  
  183  8:50  Overlord  
  183  8:53  Baneling  
  183  8:54  Baneling x22  
  183  8:56  Overlord  
  183  8:59  Overlord  
  183  9:00  Hydralisk, Zergling x4  
  182  9:04  Baneling x4  
  182  9:06  Hydralisk, Zergling x6  
  182  9:07  Zergling x4  
  184  9:10  Hydralisk  
  184  9:11  Hydralisk, Zergling x2  
  184  9:12  Zergling x4  
  184  9:14  Hydralisk  
  184  9:15  Zergling x6  
  175  9:21  Zergling x6  
Show
View Real Time Build Order
Export as new Build Order

Majestuoso Protoss 

Build Orders: 1 Gate Expand, Zealot Archon, Dark Templar Rush 

Get SALT Encoding   

  12  0:00  Probe  
  13  0:12  Probe  
  14  0:18  Pylon  
  14  0:24  Probe  
  15  0:37  Probe (Chrono Boost)  
  15  0:38  Gateway  
  16  0:47  Probe (Chrono Boost), Assimilator  
  17  0:51  Probe  
  18  1:03  Probe (Chrono Boost)  
  20  1:14  Probe (Chrono Boost)  
  20  1:24  Nexus  
  20  1:33  Cybernetics Core  
  20  1:36  Probe  
  21  1:41  Assimilator  
  21  1:48  Probe  
  21  1:52  Pylon  
  22  2:01  Probe  
  23  2:10  Warp Gate  
  23  2:12  Adept (Chrono Boost)  
  23  2:13  Probe  
  26  2:18  Twilight Council  
  26  2:25  Probe (Chrono Boost)  
  26  2:29  Adept  
  29  2:36  Probe (Chrono Boost)  
  32  2:46  Probe x2 (Chrono Boost)  
  32  2:49  Probe  
  33  2:52  Robotics Facility  
  33  2:55  Probe  
  34  3:01  Probe  
  35  3:06  Dark Shrine  
  35  3:07  Probe (Chrono Boost)  
  36  3:19  Probe (Chrono Boost)  
  38  3:23  Probe (Chrono Boost)  
  38  3:26  Probe x2 (Chrono Boost)  
  40  3:27  Gateway  
  40  3:33  Probe  
  41  3:37  Probe  
  41  3:39  Gateway  
  41  3:41  Gateway  
  42  3:46  Probe  
  42  3:47  Warp Prism (Chrono Boost)  
  45  3:51  Pylon  
  45  3:53  Probe  
  46  3:59  Assimilator  
  46  4:00  Assimilator  
  46  4:03  Charge  
  46  4:07  Pylon  
  46  4:09  Probe x2  
  48  4:21  Probe x2  
  50  4:33  Probe  
  50  4:35  Dark Templar x2  
  50  4:36  Dark Templar  
  57  4:40  Dark Templar  
  59  4:47  Nexus  
  59  4:51  Shield Battery  
  59  4:54  Warp Prism (Chrono Boost)  
  61  5:13  Probe  
  52  5:24  Gateway  
  52  5:26  Gateway  
  52  5:27  Gateway  
  54  5:30  Gateway, Warp Prism (Chrono Boost)  
  54  5:31  Probe x2  
  56  5:38  Pylon  
  56  5:43  Probe x2  
  56  5:48  Shield Battery  
  58  5:55  Probe (Chrono Boost)  
  58  5:56  Probe (Chrono Boost), Sentry x2  
  64  6:00  Robotics Bay  
  64  6:03  Forge  
  67  6:07  Probe (Chrono Boost)  
  67  6:08  Probe (Chrono Boost)  
  67  6:09  Probe (Chrono Boost)  
  67  6:10  Stalker  
  67  6:11  Stalker  
  72  6:13  Probe (Chrono Boost)  
  72  6:15  Probe (Chrono Boost)  
  74  6:21  Probe (Chrono Boost), Zealot  
  79  6:25  Probe x3 (Chrono Boost)  
  79  6:26  Dark Templar  
  79  6:27  Dark Templar  
  79  6:31  Assimilator  
  83  6:33  Probe  
  83  6:34  Probe  
  83  6:36  Assimilator  
  85  6:42  Pylon  
  85  6:43  Pylon  
  85  6:46  Shield Battery  
  85  6:47  Protoss Ground Weapons Level 1 (Chrono Boost)  
  85  6:48  Shield Battery  
  85  6:50  Extended Thermal Lance  
  85  6:58  Archon  
  85  7:00  Probe x2, Colossus (Chrono Boost)  
  93  7:01  Probe  
  93  7:04  Sentry x2  
  93  7:05  Stalker  
  100  7:12  Probe, Pylon  
  100  7:14  Pylon  
  101  7:16  Shield Battery  
  101  7:19  Shield Battery  
  101  7:20  Pylon  
  101  7:34  Shield Battery, Zealot x2  
  101  7:35  Zealot x6  
  117  7:38  Colossus (Chrono Boost)  
  117  7:41  Shield Battery  
  123  7:48  Pylon  
  123  7:49  Pylon  
  107  8:12  Stalker x5  
  115  8:13  Stalker x3  
  123  8:22  Colossus (Chrono Boost)  
  129  8:36  Nexus, Stalker x3  
  129  8:37  Pylon  
  135  8:55  Colossus (Chrono Boost)  
  141  9:08  Stalker x3  
  147  9:10  Stalker x3  
  147  9:16  Stalker  
  147  9:17  Stalker  
Tags
 
Add a new tag
Caveats
  • Supply blocks, unpowered buildings, or Contaminate may cause inaccurate times.
  • Supply counts are checked every 10 seconds.